 Dungeon Crawl Stone Soup version 0.28-a0-1406-ga8dd43b1d0 (webtiles) character file.

Game seed: 4330701428088382227

1261 Grim the Basher (level 8, -4/64 HPs)
             Began as a Minotaur Berserker on Jan 5, 2022.
             Was a Believer of Trog.
             Shot with an arrow by a centaur (6 damage)
             ... on level 6 of the Dungeon.
             The game lasted 00:04:59 (4993 turns).

Grim the Basher (Minotaur Berserker)                Turns: 4993, Time: 00:04:59

Health: -4/64      AC: 11    Str: 23    XL:     8   Next: 27%
Magic:  2/2        EV:  7    Int:  6    God:    Trog [**....]
Gold:   206        SH:  0    Dex:  9    Spells: 7/7 levels left

rFire   . . .      SeeInvis .   r - +7 flail of Duiguv {antimagic, rN+}
rCold   . . .      Faith    .   (no shield)
rNeg    + . .      Spirit   .   w - +0 plate armour
rPois   .          Reflect  .   (helmet restricted)
rElec   .          Harm     .   (no cloak)
rCorr   .          Rampage  .   (no gloves)
Will    .....                   (no boots)
Stlth   ..........              (no amulet)
HPRegen 0.20/turn               (no ring)
MPRegen 0.08/turn               (no ring)

@: no status effects
A: horns 2, retaliatory headbutt
a: Renounce Religion, Berserk, Trog's Hand


You were on level 6 of the Dungeon.
You worshipped Trog.
Trog was pleased with you.
You visited 1 branch of the dungeon, and saw 6 of its levels.

You collected 206 gold pieces.

Inventory:

Hand Weapons
 r - the +7 flail of Duiguv (weapon) {antimagic, rN+}
   (You found it on level 4 of the Dungeon)

   It reduces the magical energy of the wielder, and disrupts the spells and
   magical abilities of those it strikes.
   Natural abilities and divine invocations are not affected.
   rN:        It protects you from negative energy.
Missiles
 p - 26 poisoned darts (quivered)
Armour
 w - a +0 plate armour (worn)
Scrolls
 b - a scroll of blinking {unknown}
 c - a scroll of enchant armour {unknown}
 d - a scroll of fear {unknown}
 g - a scroll of identify {unknown}
 k - 2 scrolls of noise {unknown}
 l - a scroll of vulnerability {unknown}
 o - a scroll of magic mapping {unknown}
 v - a scroll of amnesia {unknown}
Potions
 a - a potion of magic {unknown}
 e - a potion of heal wounds {unknown}
 f - a potion of flight {unknown}
 h - a potion of attraction {unknown}
 i - 2 potions of cancellation {unknown}
 m - a potion of ambrosia {unknown}
 n - a potion of might {unknown}
 q - 2 potions of lignification {unknown}
 s - a potion of brilliance {unknown}
 t - a potion of mutation {unknown}
 u - 2 potions of invisibility {unknown}


   Skills:
 + Level 3.6 Fighting
 + Level 12.4 Maces & Flails
 - Level 2.4 Armour
 - Level 2.1 Dodging


You had 7 spell levels left.
You didn't know any spells.
Your spell library was empty.

Dungeon Overview and Level Annotations

Branches:
Dungeon (6/15)
 Temple: D:4-7

Altars:
Ashenzari
Cheibriados
The Shining One

Shops:
D:1 [

Annotations:
D:3 2 transporters


Innate Abilities, Weirdness & Mutations

You have a pair of horns on your head.
You reflexively headbutt those who attack you in melee.


Message History

The arrow hits you but does no damage.
The centaur wields a +0 shortbow.
The centaur shoots an arrow.
The arrow barely misses you.
The centaur shoots an arrow.
The arrow hits you but does no damage.
You hear a shout!
The centaur wields a +0 shortbow.
The centaur shoots an arrow.
The arrow hits you but does no damage.
The centaur shoots an arrow.
The arrow hits you.
The centaur shoots an arrow.
The arrow hits you but does no damage.
The centaur shoots an arrow.
The arrow hits you.
The centaur shoots an arrow.
The arrow hits you.
The centaur shoots an arrow.
The arrow barely misses you.
The centaur shoots an arrow.
The arrow hits you.
* * * LOW HITPOINT WARNING * * *
The centaur wields a +0 shortbow.
The centaur shoots an arrow.
The arrow completely misses you.
The centaur shoots an arrow.
The arrow hits you.
* * * LOW HITPOINT WARNING * * *
A centaur comes into view.
The centaur shoots an arrow.
The arrow barely misses you.
The centaur shoots an arrow.
The arrow hits you but does no damage.
The centaur shoots an arrow.
The arrow hits you but does no damage.
The centaur shoots an arrow.
The arrow hits you.
* * * LOW HITPOINT WARNING * * *
The centaur shouts!
The centaur shoots an arrow.
The arrow hits you.
* * * LOW HITPOINT WARNING * * *
The centaur shoots an arrow.
The arrow barely misses you.
The centaur shoots an arrow.
The arrow hits you.
* * * LOW HITPOINT WARNING * * *
The centaur shoots an arrow.
The arrow hits you.
* * * LOW HITPOINT WARNING * * *
The centaur shoots an arrow.
The arrow hits you.
* * * LOW HITPOINT WARNING * * *
The centaur shoots an arrow.
The arrow hits you.
* * * LOW HITPOINT WARNING * * *
The centaur shoots an arrow.
The arrow hits you.
* * * LOW HITPOINT WARNING * * *
The centaur shoots an arrow.
The arrow hits you.
* * * LOW HITPOINT WARNING * * *
The centaur shoots an arrow.
The arrow hits you.
You die...

≈≈≈≈ #+≈≈≈≈....#.#
≈≈≈≈≈
#.≈≈≈≈≈...#'#..≈≈≈≈≈≈
#.≈≈≈≈≈c..c....≈≈≈≈≈≈
#.≈≈≈≈≈≈ccc...≈≈≈≈≈≈≈
#.≈≈≈≈≈≈≈≈c.≈≈≈≈≈≈≈≈≈
..≈≈≈≈≈≈≈≈≈≈≈≈≈≈≈≈≈≈
#..≈≈≈≈≈≈≈≈≈≈≈≈≈≈≈
+@...<≈≈≈≈≈≈≈≈.##.
#........≈≈≈≈.....
####........#..###
#.########..#.. #.#
#.......'.. #.#
#.####..#.. #.#
#......>#..
#.#########.#..
#...........#..


You could see 6 centaurs.

Vanquished Creatures
  A steam dragon (D:6)
  An ice beast (D:6)
  An orc warrior (D:6)
  An ogre (D:6)
  2 phantoms (D:6)
  A bullfrog (D:6)
  2 scorpions
  A water moccasin skeleton (D:5)
  2 hounds (D:5)
  A gnoll shaman (D:3)
  A bullfrog skeleton (D:6)
  A centaur skeleton (D:4)
  4 iguanas
  A hound zombie (D:5)
  A howler monkey skeleton (D:4)
  7 gnolls (D:3)
  5 adders
  2 shadow imps
  An ufetubus (D:4)
  A worm (D:4)
  A dart slug (D:2)
  4 orcs
  3 bats
  5 endoplasms
  6 goblins
  5 hobgoblins
  4 quokkas
  6 ball pythons
  2 frilled lizards (D:1)
  4 kobolds
  4 rats
81 creatures vanquished.

Notes
Turn   | Place    | Note
-------+----------+-------------------------------------------
     0 | D:1      | Grim the Minotaur Berserker began the quest for the Orb.
     0 | D:1      | Reached XP level 1. HP: 19/19 MP: 0/0
   136 | D:1      | Reached skill level 4 in Maces & Flails
   312 | D:1      | Found a faded altar of an unknown god.
   439 | D:1      | Found Borhu's Antique Armour Shoppe.
   582 | D:1      | Reached XP level 2. HP: 23/26 MP: 1/1
  1032 | D:2      | Found a snail-covered altar of Cheibriados.
  1054 | D:2      | Reached skill level 5 in Maces & Flails
  1112 | D:2      | Reached XP level 3. HP: 31/31 MP: 2/2
  1339 | D:3      | Noticed a torpor snail
  1342 | D:3      | Noticed a torpor snail
  1343 | D:3      | Found a snail-covered altar of Cheibriados.
  1344 | D:3      | Noticed a torpor snail
  1350 | D:3      | Reached ** piety under Trog
  1403 | D:3      | Found a transporter.
  1406 | D:3      | Found a transporter.
  1434 | D:3      | Reached skill level 6 in Maces & Flails
  1434 | D:3      | Reached XP level 4. HP: 21/39 MP: 3/3
  1633 | D:3      | Reached XP level 5. HP: 32/45 MP: 4/4
  1636 | D:3      | Reached skill level 7 in Maces & Flails
  2160 | D:3      | Found a glowing golden altar of the Shining One.
  2558 | D:4      | Identified the +7 flail of Duiguv {antimagic, rN+}
  2642 | D:4      | Reached skill level 8 in Maces & Flails
  2762 | D:4      | Reached XP level 6. HP: 40/51 MP: 1/5
  2827 | D:5      | Entered Level 5 of the Dungeon
  3262 | D:5      | Reached skill level 9 in Maces & Flails
  3505 | D:5      | Reached XP level 7. HP: 51/57 MP: 2/6
  3637 | D:6      | Reached skill level 10 in Maces & Flails
  3884 | D:6      | Found a broken altar of Ashenzari.
  3898 | D:6      | Reached skill level 11 in Maces & Flails
  4205 | D:6      | Reached XP level 8. HP: 37/64 MP: 2/7
  4412 | D:6      | Reached skill level 12 in Maces & Flails
  4993 | D:6      | HP: 2/64 [centaur/arrow (5)]
  4993 | D:6      | Shot with an arrow by a centaur

Illustrated notes

Levels and vault maps discovered:
D:1:      minmay_arrival_open_corners, layout_basic,
          ebering_ecumenical_altar_rust, serial_shops, nicolae_shop_statue_plus,
          minmay_tree_intersection
D:2:      layout_rooms, basic_altar
D:3:      gammafunk_steamed_eel, layout_rooms, cheibriados_altar_2,
          nicolae_tso_swordbearing_angel
D:4:      layout_rooms
D:5:      minmay_inner_zag, layout_basic, fountainhead, grunt_decor_fettered
D:6:      layout_basic, nemelex_dance_club_becter, overflow_temple_1_default,
          centaur_isle

Skill      XL: |  1  2  3  4  5  6  7  8 |
---------------+-------------------------+-----
Maces & Flails | 4 5 6 8 9 11 12 | 12.4
Fighting       | |  3.6
Armour         | |  2.4
Dodging        | |  2.1

Action                   |  1- 3 |  4- 6 |  7- 9 || total
-------------------------+-------+-------+-------++-------
Melee: Mace              |    75 |    52 |       ||   127
       Headbutt          |     8 |    10 |     6 ||    24
       Punch             |     1 |       |     1 ||     2
       Flail             |       |    43 |    51 ||    94
Invok: Berserk           |       |     3 |     2 ||     5
Armor: Animal skin       |    13 |       |       ||    13
       Ring mail         |    17 |    16 |       ||    33
       Plate armour      |       |    14 |    27 ||    41
Dodge: Dodged            |    43 |    32 |    19 ||    94

Table legend: (Time is in decaauts)
 A = Elapsed time spent in this place.
 B = Non-inter-level travel time spent in this place.
 C = Inter-level travel time spent in this place.
 D = Time resting spent in this place.
 E = Time spent auto-exploring this place.
 F = Levels seen in this place.
 G = Mean time per level.
                   A        B        C        D        E       F      G
               +--------+--------+--------+--------+--------+-----+--------+
         Total |   5040 |   4979 |     61 |   1778 |   2561 |   6 |  840.0 |
       Dungeon |   5040 |   4979 |     61 |   1778 |   2561 |   6 |  840.0 |
               +--------+--------+--------+--------+--------+-----+--------+

Top non-repeatable levels by time:
     D:6: 1145 daAuts
     D:5: 1035 daAuts
     D:3: 993 daAuts
     D:1: 815 daAuts
     D:4: 557 daAuts
     D:2: 493 daAuts
